 Dungeon Crawl Stone Soup version 0.27-a0-1139-g28e009f8a6 (webtiles) character file.

Game seed: 17296923472024695575

618 Huj the Basher (level 7, 0/61 HPs)
             Began as a Minotaur Berserker on May 7, 2021.
             Was a Believer of Trog.
             Slain by an orc
             ... wielding a +1 dagger of electrocution
              (3 damage)
             ... on level 4 of the Dungeon.
             The game lasted 00:12:02 (5407 turns).

Huj the Basher (Minotaur Berserker)                 Turns: 5407, Time: 00:12:03

Health: 0/61       AC:  3    Str: 23    XL:     7   Next: 21%
Magic:  15/15      EV: 12    Int:  4    God:    Trog [**....]
Gold:   169        SH:  0    Dex: 10    Spells: 6/6 levels left

rFire    . . .     SeeInvis .   a - +0 mace
rCold    . . .     Faith    .   (no shield)
rNeg     . . .     Spirit   .   m - +0 leather armour
rPois    .         Reflect  .   (helmet restricted)
rElec    .         Harm     .   (no cloak)
rCorr    .         Rampage  .   (no gloves)
Will     ++...                  (no boots)
Stlth    ++........             (no amulet)
HPRegen  1.20/turn              l - ring of magical power
MPRegen  0.14/turn              (no ring)

@: about to teleport, strong-willed, on berserk cooldown, regenerating, slowed,
very slow
A: horns 2, retaliatory headbutt
a: Renounce Religion, Berserk, Trog's Hand


You were on level 4 of the Dungeon.
You worshipped Trog.
Trog was pleased with you.
You visited 1 branch of the dungeon, and saw 4 of its levels.

You collected 169 gold pieces.

Inventory:

Hand Weapons
 a - a +0 mace (weapon)
Armour
 b - a +0 animal skin
 m - a +0 leather armour (worn)
Jewellery
 l - a ring of magical power (left hand)
 n - an amulet of regeneration
Scrolls
 c - a scroll of identify
 d - a scroll of fog
 e - 3 scrolls of enchant armour {unknown}
 g - a scroll of enchant weapon
Potions
 i - a potion of flight {unknown}
 j - a potion of haste {unknown}
 k - 2 potions of ambrosia {unknown}
 o - a potion of magic {unknown}
 p - a potion of resistance {unknown}
 q - a potion of heal wounds {unknown}


   Skills:
 + Level 5.3 Fighting
 + Level 8.0 Maces & Flails
 - Level 2.4 Armour
 + Level 3.6 Dodging
 - Level 2.1 Stealth


You had 6 spell levels left.
You didn't know any spells.
Your spell library was empty.

Dungeon Overview and Level Annotations

Branches:
Dungeon (4/15)
 Temple: D:4-7

Altars:


Innate Abilities, Weirdness & Mutations

You have a pair of horns on your head.
You reflexively headbutt those who attack you in melee.


Message History

The orc closely misses you.
You closely miss the orc. The orc hits you with a +0 falchion.
You sock the orc!
You kill the orc!
Trog accepts your kill.
The orc throws a stone.
The stone barely misses you.
The orc hits you with a +1 dagger of electrocution.
You are electrocuted!
* * * LOW HITPOINT WARNING * * *
As you read the scroll labelled FOCHOF JI VAP, it crumbles to dust.
It is a scroll of identify.
g - a scroll of enchant weapon The orc hits you with a +0 short sword.
* * * LOW HITPOINT WARNING * * *
The orc hits you with a +1 dagger of electrocution.
* * * LOW HITPOINT WARNING * * *
The orc barely misses you. x2
Unknown command.
As you read the scroll labelled JOUG GOOCSOET, it crumbles to dust.
You hear a loud clanging noise!
It was a scroll of noise.
You hear a bark!
The orc hits you with a +0 short sword.
* * * LOW HITPOINT WARNING * * *
The orc hits you with a +1 dagger of electrocution.
* * * LOW HITPOINT WARNING * * *
As you read the scroll labelled LUNUAFIEQI, it crumbles to dust.
The scroll dissolves into smoke.
It was a scroll of fog.
The orc hits you with a +0 short sword.
* * * LOW HITPOINT WARNING * * *
The orc hits you with a +1 dagger of electrocution.
* * * LOW HITPOINT WARNING * * *
The orc hits you with a +0 short sword.
* * * LOW HITPOINT WARNING * * *
The orc hits you but does no damage.
As you read the scroll labelled RENNYN NEIWAPI, it crumbles to dust.
You feel strangely unstable.
It was a scroll of teleportation.
The orc barely misses you.
The orc hits you with a +1 dagger of electrocution.
You die...

#.# .. # #.# .# # #.# .#
# ##'## .# # ##...##
####.# # ##.....##
#...§# #
##.......###§##o##.##.
###...........oo@§§.....
..'.....#.##########...#
###.....#..### #
##..(.##...##.#
##....##oo8.#
##...#.#)..# ##..##
o...... #######...#
..#.#.# ..)......##
.#.8# #


You could see 3 orcs.

Vanquished Creatures
  An orc warrior (D:4)
  A necrophage (D:4)
  A phantom (D:4)
  A scorpion (D:3)
  A howler monkey (D:4)
  An orc priest (D:4)
  A centaur skeleton (D:4)
  2 iguanas (D:4)
  An orc wizard (D:4)
  A hound skeleton (D:4)
  4 adders
  3 dart slugs
  A worm (D:3)
  6 orcs
  11 bats
  4 endoplasms
  A giant cockroach (D:3)
  9 goblins
  6 hobgoblins
  5 quokkas
  7 ball pythons
  A frilled lizard (D:3)
  6 kobolds
  10 rats
85 creatures vanquished.

Notes
Turn   | Place    | Note
-------+----------+-------------------------------------------
     0 | D:1      | Huj the Minotaur Berserker began the quest for the Orb.
     0 | D:1      | Reached XP level 1. HP: 19/19 MP: 0/0
    74 | D:1      | Reached skill level 4 in Maces & Flails
   186 | D:1      | Reached XP level 2. HP: 27/27 MP: 1/1
   412 | D:1      | Reached ** piety under Trog
   641 | D:1      | Reached XP level 3. HP: 28/34 MP: 2/2
   978 | D:1      | Found a faded altar of an unknown god.
  2348 | D:2      | Reached skill level 5 in Maces & Flails
  2698 | D:2      | Reached XP level 4. HP: 32/41 MP: 3/3
  2905 | D:3      | Noticed a scorpion
  2919 | D:3      | Killed a scorpion
  2920 | D:3      | Reached skill level 1 in Stealth
  2973 | D:3      | Reached skill level 5 in Fighting
  2987 | D:3      | Reached XP level 5. HP: 45/48 MP: 4/4
  4521 | D:4      | Reached skill level 6 in Maces & Flails
  4830 | D:4      | Reached XP level 6. HP: 56/56 MP: 5/5
  4909 | D:4      | Reached skill level 7 in Maces & Flails
  5034 | D:4      | Noticed an orc warrior
  5047 | D:4      | Killed an orc warrior
  5153 | D:4      | Reached skill level 8 in Maces & Flails
  5153 | D:4      | Reached XP level 7. HP: 9/61 MP: 6/6
  5406 | D:4      | HP: 2/61 [orc/+1 dagger of electrocution (2)]
  5407 | D:4      | Slain by an orc

Illustrated notes

Levels and vault maps discovered:
D:1:      giann_bridges, layout_loops_corners,
          ebering_ecumenical_altar_sacrificial
D:2:      minmay_door_path, layout_loops_ring, serial_co_window_serial,
          co_window_paths_a, co_window_paths_a, co_window_corner_a,
          co_window_paths_b, co_window_paths_a, co_window_corner_b,
          co_window_paths_c, co_window_cross_4, co_window_unsneaky_path_a,
          co_window_2corner, glass_columns_a, minmay_tetromino_o2
D:3:      layout_basic
D:4:      layout_loops_corners, guppyfry_early_orc_mine

Skill      XL: |  1  2  3  4  5  6 |
---------------+-------------------+-----
Maces & Flails | 4 5 6 8 |  8.0
Fighting       | 4 5 |  5.3
Stealth        | 1 2 |  2.1
Dodging        | 3 |  3.6
Armour         | |  2.4

Action                   |  1- 3 |  4- 6 |  7- 9 || total
-------------------------+-------+-------+-------++-------
Melee: Mace              |    85 |   124 |     7 ||   216
       Headbutt          |    14 |    17 |     1 ||    32
Invok: Berserk           |     1 |     7 |     1 ||     9
       Trog's Hand       |       |     1 |     1 ||     2
  Use: Scroll            |       |       |     4 ||     4
 Stab: Sleeping          |     1 |       |       ||     1
Armor: Animal skin       |     6 |     2 |       ||     8
       Leather armour    |       |    10 |     4 ||    14
Dodge: Dodged            |    59 |    62 |    12 ||   133

Table legend: (Time is in decaauts)
 A = Elapsed time spent in this place.
 B = Non-inter-level travel time spent in this place.
 C = Inter-level travel time spent in this place.
 D = Time resting spent in this place.
 E = Time spent auto-exploring this place.
 F = Levels seen in this place.
 G = Mean time per level.
                   A        B        C        D        E       F      G
               +--------+--------+--------+--------+--------+-----+--------+
         Total |   5510 |   5331 |    179 |   1759 |   2792 |   4 | 1377.5 |
       Dungeon |   5510 |   5331 |    179 |   1759 |   2792 |   4 | 1377.5 |
               +--------+--------+--------+--------+--------+-----+--------+

Top non-repeatable levels by time:
     D:2: 1533 daAuts
     D:3: 1467 daAuts
     D:1: 1312 daAuts
     D:4: 1197 daAuts
